 Dungeon Crawl Stone Soup version 0.18-a0-1730-g73f0523 (webtiles) character file.

91 dohliylev the Sneak (level 4, -2/31 HPs)
             Began as a Vampire Enchanter on Apr 9, 2016.
             Killed by divine providence
             ... invoked by an orc priest
              (12 damage)
             ... on level 3 of the Dungeon on Apr 10, 2016.
             The game lasted 05:11:26 (1698 turns).

dohliylev the Sneak (Vampire Enchanter)             Turns: 1698, Time: 05:11:27

Health: -2/31      AC:  3    Str:  7    XL:     4   Next: 33%
Magic:  0/7        EV: 13    Int: 17    God:
Gold:   161        SH:  0    Dex: 15    Spells: 2 memorised, 4 levels left

rFire  . . .     SeeInvis +     a - +1 dagger
rCold  + . .     Gourm    .     b - +1 robe
rNeg   + + .     Faith    .     (no shield)
rPois  +         Spirit   +     (no helmet)
rElec  .         Dismiss  .     (no cloak)
rCorr  .         Reflect  .     (no gloves)
SustAt .         Harm     .     (no boots)
MR     .....                    p - amulet of guardian spirit
Stlth  ++++......               (no ring)
                                (no ring)

@: regenerating slowly, not resistant to hostile enchantments, stealthy
A: fangs 3, see invisible, unbreathing
a: Bat Form


You were on level 3 of the Dungeon.
You were very thirsty.

You visited 1 branch of the dungeon, and saw 3 of its levels.

You collected 161 gold pieces.

Inventory:

Hand Weapons
 a - a +1 dagger (weapon)
Armour
 b - a +1 robe (worn)
 h - a +2 large shield
Jewellery
 p - an amulet of guardian spirit (around neck)
Scrolls
 e - 2 scrolls of immolation {unknown}
 f - 4 scrolls of identify {unknown}
 i - a scroll of enchant weapon {unknown}
 k - a scroll of blinking {unknown}
 n - a scroll of enchant armour {unknown}
 o - a scroll of remove curse {unknown}
Potions
 d - 28 potions of blood
 g - a potion of mutation {unknown}
 j - 2 potions of cure mutation {unknown}
 l - 2 potions of lignification {unknown}
Books
 c - a book of Maledictions

   Spells                             Type                      Level
   a - Corona                         Hexes                        1
   b - Ensorcelled Hibernation        Hexes/Ice                    2
   c - Confuse                        Hexes                        3
   d - Tukima's Dance                 Hexes                        3
   e - Dazzling Spray                 Conjuration/Hexes            3


   Skills:
 + Level 0.3 Fighting
 + Level 1.2 Short Blades
 + Level 2.5 Dodging
 * Level 6.2 Stealth
 + Level 2.4 Spellcasting
 + Level 5.2 Hexes
 + Level 0.4 Ice Magic


You had 4 spell levels left.
You knew the following spells:

 Your Spells              Type           Power        Failure   Level  Hunger
a - Corona                Hex            ###....      2%          1    #......
b - Ensorcelled Hibernat  Hex/Ice        ##....       12%         2    ##.....


Dungeon Overview and Level Annotations

Branches:
Dungeon (3/15)

Altars:
Fedhas
Kikubaaqudgha


Innate Abilities, Weirdness & Mutations

You heal slowly.
You have razor-sharp teeth.
You have supernaturally acute eyesight.
You can survive without breathing.


Message History

Aiming: Ensorcelled Hibernation
Press: ? - help, Shift-Dir - straight line, f - orc
Aim: an orc, wielding a mace and wearing a ring mail (heavily wounded, chance to defeat MR: 80%)
The orc looks drowsy...
The helpless orc fails to defend itself.
You bite the orc, and draw its blood!
You feel better.
You feel slightly less thirsty.
You impale the orc!!
You kill the orc!
Casting: Ensorcelled Hibernation
Confirm with . or Enter, or press ? or * to list all spells.
Aiming: Ensorcelled Hibernation
Press: ? - help, Shift-Dir - straight line, f - orc priest
Aim: an orc priest, wielding a short sword and wearing a leather armour (chance to defeat MR: 42%)
The orc priest resists with some effort.
The orc priest calls down the wrath of Beogh upon you.
Beogh smites you!
There is an open door here.
The orc priest mumbles some strange prayers to Beogh against you.
Beogh smites you!
You die...

#.#.# #.#....
#.#.# #.#.###
#.#.# #.#.. #.#.#
#.#.# #)#.######
#.#.#
######'#.......
#....
#......o..###
###.)
#.......o.'.# #).
#.........#@#
#####.#
#.........#.######
#......
###########......#
#.###.. ######.#
#.#.#.. #.#
#...#.. #.#
###.#..
#.#######.#..
#.........#..
###########..


You could see an orc priest and an orc.

Vanquished Creatures
  2 adders (D:2)
  2 oozes
  2 dart slugs (D:2)
  2 giant geckos
  2 orcs (D:3)
  7 bats
  3 giant cockroaches
  9 goblins
  9 hobgoblins
  2 quokkas (D:2)
  2 giant newts
  7 kobolds
  3 rats (D:2)
52 creatures vanquished.

Notes
Turn   | Place    | Note
--------------------------------------------------------------
     0 | D:1      | dohliylev the Vampire Enchanter began the quest for the Orb.
     0 | D:1      | Reached XP level 1. HP: 13/13 MP: 3/3
    67 | D:1      | Reached XP level 2. HP: 8/19 MP: 1/5
    74 | D:1      | Learned a level 2 spell: Ensorcelled Hibernation
   255 | D:1      | Reached skill level 5 in Hexes
   268 | D:1      | Reached skill level 5 in Stealth
   619 | D:2      | Reached XP level 3. HP: 10/24 MP: 1/6
  1145 | D:2      | Found a blossoming altar of Fedhas.
  1145 | D:2      | Found an ancient bone altar of Kikubaaqudgha.
  1228 | D:2      | Reached XP level 4. HP: 21/31 MP: 1/7
  1406 | D:3      | Upgraded the game from 0.18-a0-1721-gc4d1f22 to 0.18-a0-1730-g73f0523
  1438 | D:3      | Reached skill level 6 in Stealth
  1698 | D:3      | Killed from afar by an orc priest

Vault maps used:
D:1:      lightli_arrival_lavapool, roderic_serpentine_path
D:2:      grunt_temple_overflow_growth_and_decay, first_bread,
          small_statue_intersection
D:3:      corexii_shack_village

Skill      XL: |  1  2  3  4 |
---------------+-------------+-----
Hexes          | 5 |  5.2
Stealth        | 5 6 |  6.2
Fighting       | |  0.3
Short Blades   | |  1.2
Dodging        | |  2.5
Spellcasting   | |  2.4
Ice Magic      | |  0.4

Action                   |  1- 3 |  4- 6 || total
-------------------------+-------+-------++-------
Melee: Dagger            |    66 |    41 ||   107
 Cast: Corona            |     2 |       ||     2
       Ensorcelled Hiber |    21 |    10 ||    31
 Stab: Sleeping          |    27 |    14 ||    41
